 Dungeon Crawl Stone Soup version 0.32-a0-779-g362cfcae2a (webtiles) character file.

Game seed: 2681561248398765253

356 retardedninja the Trooper (level 6, -6/51 HPs)
             Began as a Coglin Fighter on Mar 19, 2024.
             Mangled by a gnoll
             ... wielding a +0 halberd
              (7 damage)
             ... on level 4 of the Dungeon.
             The game lasted 00:06:34 (3201 turns).

retardedninja the Trooper (Coglin Fighter)          Turns: 3201, Time: 00:06:35

Health: -6/51      AC:  7    Str: 19    XL:     6   Next: 63%
Magic:  6/6        EV:  8    Int:  7    God:
Gold:   175        SH:  0    Dex: 13    Spells: 5/5 levels left

rFire   . . .        a - +0 war axe {Keminub}
rCold   . . .        n - +0 war axe {Iltani}
rNeg    . . .        b - +0 scale mail
rPois   .            (no helmet)
rElec   .            (no cloak)
rCorr   .            (no gloves)
SInv    .            (no boots)
Will    .....        (amulet unavailable) Stlth
                     (ring unavailable)
HPRegen 0.28/turn    (ring unavailable)
MPRegen 0.10/turn    (no gizmo)

%: no passive effects
@: attractive
A: off-hand wielding, slow wielding, warmup strikes, no jewellery
a: Invent Gizmo


You were on level 4 of the Dungeon.
You visited 1 branch of the dungeon, and saw 4 of its levels.

You collected 175 gold pieces.

Inventory:

Hand Weapons
 a - a +0 war axe (weapon) {Keminub}
 n - a +0 war axe (offhand) {Iltani}
Armour
 b - a +0 scale mail (worn)
 c - a +0 buckler
 h - a +0 hat
 o - a +0 helmet
Wands
 d - a wand of flame (20)
 i - a wand of paralysis (13)
 s - a wand of digging (8)
Scrolls
 g - a scroll of amnesia
 k - 2 scrolls of enchant weapon
 m - 3 scrolls of identify
 p - a scroll of fog {unknown}
 t - a scroll of revelation {unknown}
Potions
 e - a potion of lignification {unknown}
 f - a potion of attraction
 l - a potion of invisibility {unknown}
 q - a potion of magic {unknown}


   Skills:
 * Level 5.1 Fighting
 * Level 4.6 Axes
 + Level 3.7 Armour
 - Level 2.1 Shields


You had 5 spell levels left.
You didn't know any spells.
Your spell library contained the following spells:

 Spells                   Type           Power      Damage    Failure   Level
 Ensorcelled Hibernation  Hex/Ice        0%         N/A       90%         2
 Fugue of the Fallen      Necr           0%         N/A       99%         3
 Anguish                  Hex/Necr       0%         N/A       100%        4


Dungeon Overview and Level Annotations

Branches:
Dungeon (4/15)
 Temple: D:4-7

Altars:
Nemelex Xobeh
Okawaru

Shops:
D:3 *!


Innate Abilities, Weirdness & Mutations

You can wield a second weapon in your off-hand.
It takes a long time for you to wield or remove held weapons.
Your first few attacks do less damage.
You cannot equip rings or amulets.


Message History

An orc comes into view. It is wielding a +0 flail.
A ball python comes into view.
The gnoll hits you but does no damage. The gnoll attacks as it pursues you!
The gnoll closely misses you. The gnoll attacks as it pursues you!
The gnoll hits you from afar with a +0 halberd!
Okay, then.
As you read the scroll labelled OTHAWO BIURR, it crumbles to dust.
It is a scroll of identify.
k - 2 scrolls of enchant weapon The gnoll hits you from afar with a +0 halberd.
* * * LOW HITPOINT WARNING * * *
The gnoll closely misses you.
You feel better.
The gnoll hits you from afar with a +0 halberd.
The gnoll hits you with a +0 whip.
The gnoll hits you from afar with a +0 halberd.
As you read the scroll labelled KUMAQ RIOS, it crumbles to dust.
It is a scroll of amnesia.
You feel forgetful for a moment.
An orc wizard comes into view. It is wielding a +0 dagger.
The gnoll hits you from afar with a +0 halberd.
* * * LOW HITPOINT WARNING * * *
The gnoll closely misses you. The jelly hits you but does no damage.
The gnoll hits you but does no damage.
As you read the scroll labelled HAIM HAXAXZYGI, it crumbles to dust.
You hear a loud clanging noise!
It was a scroll of noise.
The orc wizard shouts!
You hear a shout!
You hear an angry hiss.
You hear a shout! x5; You hear an angry hiss.
You hear a shout!
The gnoll hits you from afar with a +0 halberd!
* * * LOW HITPOINT WARNING * * *
The gnoll hits you but does no damage. The jelly closely misses you.
The gnoll barely misses you.
It was a potion of attraction.
You feel attractive to monsters. The gnoll barely misses you.
The gnoll hits you with a +0 whip.
* * * LOW HITPOINT WARNING * * *
The jelly barely misses you.
The gnoll hits you from afar with a +0 halberd!
You die...

#<...# # ....So ####.# #
..... ..#.# # ....
#######.#.#### ..o
.......#†.... J?
............ #.
##..........
#o########..........
#gJ@.....'..........
.....Sg.g..####..........
.....o####.# ######.##..
....oo #.# #.###. .....
#.. ..# #. ..... ####
#### ## .... ....


You could see a jelly, 3 gnolls, 3 orcs and a ball python.

Vanquished Creatures
  Sigmund (D:3)
  A bombardier beetle (D:4)
  Ijyb (D:3)
  Robin (D:3)
  4 adders
  4 dart slugs
  3 ribbon worms
  2 orcs (D:3)
  6 endoplasms
  2 giant cockroaches
  12 goblins
  7 hobgoblins
  6 jackals
  8 kobolds
  3 quokkas
  7 ball pythons
  5 bats
  5 frilled lizards
  8 rats
86 creatures vanquished.

Notes
Turn   | Place    | Note
-------+----------+-------------------------------------------
     0 | D:1      | retardedninja the Coglin Fighter began the quest for the
                  | Orb.
     0 | D:1      | Reached XP level 1. HP: 18/18 MP: 1/1
    89 | D:1      | You fall into a shaft and drop 1 floor!
    91 | D:2      | Found a faded altar of an unknown god.
   125 | D:2      | Reached XP level 2. HP: 21/24 MP: 2/2
   200 | D:2      | Reached XP level 3. HP: 25/29 MP: 3/3
  1358 | D:2      | Reached XP level 4. HP: 36/37 MP: 4/4
  1421 | D:2      | Found a sparkling altar of Nemelex Xobeh.
  1551 | D:3      | Found Teskefotu's Distillery.
  1626 | D:3      | Noticed Ijyb
  1663 | D:3      | Found an iron altar of Okawaru.
  1700 | D:3      | Killed Ijyb
  1701 | D:3      | Reached skill level 4 in Fighting
  1725 | D:3      | Reached XP level 5. HP: 24/42 MP: 5/5
  1904 | D:3      | Identified the +0 ring mail of the Stallion {-Cast Rampage
                  | rCorr Stlth+}
  1942 | D:3      | Noticed Sigmund
  1956 | D:3      | Killed Sigmund
  1957 | D:3      | Reached XP level 6. HP: 27/50 MP: 6/6
  2291 | D:3      | Identified the +0 ring mail "Teiputaf" {rC++ Int-2 Dex+3}
  2293 | D:3      | Paralysed by a hobgoblin for 3 turns
  2299 | D:3      | Paralysed by a hobgoblin for 3 turns
  2307 | D:3      | Paralysed by a hobgoblin for 3 turns
  2509 | D:3      | Noticed Robin
  2517 | D:3      | Killed Robin
  2557 | D:3      | Found Susou's General Store.
  2775 | D:3      | Reached skill level 5 in Fighting
  2820 | D:3      | Identified the +0 robe "Heacoucw" {^Contam rN+ Str+6
                  | Stlth-}
  3201 | D:4      | HP: 1/51 [gnoll/+0 whip (6)]
  3201 | D:4      | Mangled by a gnoll

Illustrated notes

Levels and vault maps discovered:
D:1:      eino_arrival_druids_welcome, layout_basic
D:2:      layout_basic, basic_altar, dilly_ecumenical_altar_fadedgnrine,
          st_stairs_7
D:3:      minmay_bubble_buster, layout_loops_ring, mainiacjoe_overflow_brackets,
          serial_shops, shop, nicolae_shop_waterfront, serial_park_tiny_1,
          uniq_sigmund, uniq_robin, uniq_ijyb
D:4:      layout_basic, mainiacjoe_overflow_cross_hatched,
          minmay_temple_entry_ruins, uniq_eustachio

Skill      XL: |  1  2  3  4  5  6 |
---------------+-------------------+-----
Armour         | 3 |  3.7
Axes           | 3 4 |  4.6
Fighting       | 4 5 |  5.1
Shields        | |  2.1

Action                     |  1- 3 |  4- 6 || total
---------------------------+-------+-------++-------
  Melee: War axe           |    99 |   136 ||   235
  Evoke: Wand              |       |     2 ||     2
    Use: Potion            |       |     5 ||     5
         Scroll            |       |     3 ||     3
 Armour: Scale mail        |    79 |   101 ||   180
  Dodge: Dodged            |    42 |    43 ||    85
  Block: Buckler           |    15 |     1 ||    16

Table legend: (Time is in decaauts)
 A = Elapsed time spent in this place.
 B = Non-inter-level travel time spent in this place.
 C = Inter-level travel time spent in this place.
 D = Time resting spent in this place.
 E = Time spent auto-exploring this place.
 F = Levels seen in this place.
 G = Mean time per level.
                   A        B        C        D        E       F      G
               +--------+--------+--------+--------+--------+-----+--------+
         Total |   3267 |   3134 |    133 |    441 |   2073 |   4 |  816.8 |
       Dungeon |   3267 |   3134 |    133 |    441 |   2073 |   4 |  816.8 |
               +--------+--------+--------+--------+--------+-----+--------+

Top non-repeatable levels by time:
     D:3: 1630 daAuts
     D:1: 1003 daAuts
     D:2: 565 daAuts
     D:4: 67 daAuts
